 Dungeon Crawl Stone Soup version 0.29-a0-1006-g0dd7720b37 (webtiles) character file.

Game seed: 6224353429765481408

196 drpainis the Chopper (level 5, -5/39 (47) HPs)
             Began as a Hill Orc Monk on Aug 6, 2022.
             Slain by a wight
             ... wielding a +4 flail
              (7 damage)
             ... on level 3 of the Dungeon.
             The game lasted 00:05:47 (3910 turns).

drpainis the Chopper (Hill Orc Monk)                Turns: 3910, Time: 00:05:48

HP:   -5/39 (47)    AC: 12    Str: 16    XL:     5   Next: 75%
MP:   4/4           EV:  5    Int: 10    God:
Gold: 128           SH:  4    Dex: 13    Spells: 4/4 levels left

rFire   . . .      SeeInvis .   a - +0 hand axe
rCold   . . .      Faith    .   (no shield)
rNeg    . . .      Spirit   .   e - +0 plate armour
rPois   .          Reflect  .   r - +0 helmet
rElec   .          Harm     .   (no cloak)
rCorr   .          Rampage  .   (no gloves)
Will    .....                   (no boots)
Stlth   ..........              (no amulet)
HPRegen 0.13/turn               (no ring)
MPRegen 0.09/turn               (no ring)

@: heavily drained
A: large bone plates 1, low MP 1
a: no special abilities


You were on level 3 of the Dungeon.
You visited 1 branch of the dungeon, and saw 4 of its levels.

You collected 128 gold pieces.

Inventory:

Hand Weapons
 a - a +0 hand axe (weapon)
 s - a +0 dagger
Armour
 b - a +0 robe
 e - a +0 plate armour (worn)
 r - a +0 helmet (worn)
Jewellery
 h - a ring of magical power
 o - a ring of willpower
 q - a +4 ring of protection
Scrolls
 f - 5 scrolls of identify
 g - a scroll of magic mapping {unknown}
 j - a scroll of enchant weapon {unknown}
 k - a scroll of poison {unknown}
 l - 2 scrolls of noise
 m - a scroll of acquirement {unknown}
 n - 2 scrolls of teleportation
 p - a scroll of fog {unknown}
 t - a scroll of amnesia {unknown}
 u - a scroll of vulnerability {unknown}
Potions
 c - 2 potions of ambrosia
 d - 3 potions of attraction
 i - a potion of heal wounds {unknown}


   Skills:
 + Level 4.4 Fighting
 + Level 6.6 Axes
 + Level 2.4 Armour
 + Level 2.7 Dodging
 + Level 1.5 Stealth


You had 4 spell levels left.
You didn't know any spells.
Your spell library contained the following spells:

 Spells                   Type           Power      Damage    Failure   Level
 Apportation              Tloc           0%         N/A       100%        1
 Necrotise                Necr           0%         1d4       100%        1
 Summon Small Mammal      Summ           0%         N/A       100%        1


Dungeon Overview and Level Annotations

Branches:
Dungeon (4/15)
 Temple: D:4-7

Altars:
Sif Muna

Shops:
D:4 !


Innate Abilities, Weirdness & Mutations

You are partially covered in large bone plates. (SH +4)
Your magical capacity is low. (-10% MP)


Message History

The wight attacks as you move away! The wight hits you but does no damage.
The wight attacks as you move away! The wight barely misses you.
There is a stone staircase leading up here.
The wight closely misses you.
You climb upwards.
There is a stone staircase leading down here.
You slash the wight!
The wight is heavily damaged.
The wight hits you but does no damage.
You hit the wight but do no damage.
The wight is heavily damaged.
The wight hits you with a +4 flail.
You barely miss the wight.
The wight is heavily damaged.
The wight hits you with a +4 flail.
You feel drained.
You hit the wight but do no damage. You punch the wight, but do no damage.
The wight is heavily damaged.
The wight hits you with a +4 flail!
You feel drained.
You closely miss the wight.
The wight is heavily damaged.
The wight hits you with a +4 flail!
You feel drained.
You closely miss the wight.
The wight is heavily damaged.
The wight barely misses you.
You slash the wight!
The wight is almost destroyed.
You block the wight's attack.
You closely miss the wight.
The wight is almost destroyed.
The wight hits you with a +4 flail.
You feel drained.
You hit the wight but do no damage.
The wight is almost destroyed.
The wight hits you with a +4 flail!
* * * LOW HITPOINT WARNING * * *
You feel drained.
* * * LOW HITPOINT WARNING * * *
You hit the wight.
The wight is almost destroyed.
The wight hits you with a +4 flail!
You die...

# #.##.###.###.#
#.##### #.## # #....#
#.....# #.# #.##
####.###.##### #.#
#.## #.....# #.# #...
###.### #.# #.## #.#
#.# ####.## #.# #.#
#......
#.############.#
#.##.>.
#.......@z.....#
#.#####
#........####### #.#
##..#####.# #.#
########.#.## #.# #.#
........###.##
#.##########.#
######<##
##.###...>........#
......##
##.##################
.###...## ##....#
########...## ##
#.##.###.###.#
#...........)


You could see a wight.

Vanquished Creatures
  A scorpion (D:4)
  Robin (D:3)
  3 adders
  A worm (D:4)
  2 dart slugs (D:2)
  An orc (D:3)
  3 endoplasms
  4 giant cockroaches
  16 goblins
  14 hobgoblins
  3 jackals (D:3)
  9 kobolds
  3 quokkas
  9 ball pythons
  6 bats
  3 frilled lizards
  3 rats
82 creatures vanquished.

Notes
Turn   | Place    | Note
-------+----------+-------------------------------------------
     0 | D:1      | drpainis the Hill Orc Monk began the quest for the Orb.
     0 | D:1      | Reached XP level 1. HP: 19/19 MP: 1/1
   333 | D:1      | Found a faded altar of an unknown god.
   354 | D:1      | Reached XP level 2. HP: 25/27 MP: 2/2
  1228 | D:2      | Reached XP level 3. HP: 30/33 MP: 3/3
  1434 | D:2      | Reached skill level 5 in Axes
  1742 | D:2      | Reached skill level 1 in Armour
  1915 | D:2      | Gained mutation: Your muscles are strong. (Str +4, Int/Dex
                  | -1) [potion of mutation]
  1918 | D:2      | Lost mutation: Your muscles are strong. (Str +4, Int/Dex
                  | -1) [potion of mutation]
  1918 | D:2      | Gained mutation: You are resistant to electric shocks.
                  | (rElec) [potion of mutation]
  1918 | D:2      | Gained mutation: You passively map a small area around you.
                  | [potion of mutation]
  1989 | D:3      | Reached XP level 4. HP: 35/40 MP: 4/4
  2518 | D:3      | Found a shimmering blue altar of Sif Muna.
  2834 | D:3      | Noticed Robin
  3074 | D:3      | Killed Robin
  3075 | D:3      | Reached skill level 6 in Axes
  3075 | D:3      | Reached XP level 5. HP: 31/46 MP: 5/5
  3431 | D:3      | Lost mutation: You passively map a small area around you.
                  | [potion of mutation]
  3431 | D:3      | Lost mutation: You are resistant to electric shocks.
                  | (rElec) [potion of mutation]
  3431 | D:3      | Gained mutation: You are partially covered in large bone
                  | plates. (SH +4) [potion of mutation]
  3431 | D:3      | Gained mutation: Your magical capacity is low. (-10% MP)
                  | [potion of mutation]
  3522 | D:4      | Noticed an ogre
  3572 | D:4      | Found Icukhots's Distillery.
  3910 | D:3      | Slain by a wight

Illustrated notes

Levels and vault maps discovered:
D:1:      dpeg_arrival_brainrot, layout_rooms, shapermc_ecumenical_altar_venn
D:2:      layout_rooms
D:3:      kennysheep_goblin_castle, layout_loops_ring,
          mainiacjoe_overflow_brackets, grunt_ministairs_11
D:4:      layout_cave_pools, mainiacjoe_overflow_concentric_impassable,
          serial_shops, nicolae_shop_waterfront, nicolae_wormholes

Skill      XL: |  1  2  3  4  5 |
---------------+----------------+-----
Fighting       | 4 |  4.4
Axes           | 5 6 |  6.6
Armour         | 1 2 |  2.4
Dodging        | |  2.7
Stealth        | |  1.5

Action                   |  1- 3 |  4- 6 || total
-------------------------+-------+-------++-------
Melee: Hand axe          |   137 |   164 ||   301
       Punch             |     1 |     2 ||     3
  Use: Scroll            |     3 |     1 ||     4
       Potion            |     2 |     1 ||     3
Armor: Plate armour      |   112 |   125 ||   237
       Robe              |    15 |       ||    15
Dodge: Dodged            |    59 |    48 ||   107
Block: Other             |       |     3 ||     3

Table legend: (Time is in decaauts)
 A = Elapsed time spent in this place.
 B = Non-inter-level travel time spent in this place.
 C = Inter-level travel time spent in this place.
 D = Time resting spent in this place.
 E = Time spent auto-exploring this place.
 F = Levels seen in this place.
 G = Mean time per level.
                   A        B        C        D        E       F      G
               +--------+--------+--------+--------+--------+-----+--------+
         Total |   3921 |   3838 |     83 |    680 |   2010 |   4 |  980.2 |
       Dungeon |   3921 |   3838 |     83 |    680 |   2010 |   4 |  980.2 |
               +--------+--------+--------+--------+--------+-----+--------+

Top non-repeatable levels by time:
     D:3: 1605 daAuts
     D:1: 1093 daAuts
     D:2: 876 daAuts
     D:4: 345 daAuts
